 Dungeon Crawl Stone Soup version 5.5-19-gbfab8aa (webtiles) character file.

34 aciddrop the Skirmisher (level 4, -2/55 HPs)
             Began as a Demonspawn Berserker on Apr 27, 2018.
             Was a Priest of Trog.
             Slain by Samantha
             ... wielding a +0 spear
              (5 damage)
             ... on level 2 of the Dungeon.
             The game lasted 00:04:39 (2347 turns).

aciddrop the Skirmisher (Demonspawn Berserker)      Turns: 2347, Time: 00:04:40

Health: -2/55      AC:  5 (24%)Str: 23  XL:     4   Next: 26%
Magic:  6/6        EV: 11    Int:  9    God:    Trog [3*[76]]
Gold:   108        SH:  0    Dex: 12    Spells: 5/5 levels left

rFire    . . .     SeeInvis .   a - +0 rapier
rCold    . . .     Faith    .   (no shield)
rNeg     . . .     Spirit   .   j - +0 ring mail
rPois    .         Reflect  .   (no helmet)
rElec    .                      (no cloak)
rCorr    .                      (no gloves)
MR       .....                  (no boots)
Stlth    ..........             (no amulet)
Regen    0.2/turn               (no ring)
MPRegen  0.2/turn               (no ring)

@: berserking (expiring), very quick
A: claws 2
a: Berserk, Trog's Hand, Renounce Religion


You were on level 2 of the Dungeon.
You worshipped Trog.
Trog was most pleased with you.
You were not hungry.

You visited 1 branch of the dungeon, and saw 2 of its levels.

You collected 108 gold pieces.

Inventory:

Hand Weapons
 a - a +0 rapier (weapon)
 k - a +0 vampiric dagger
Missiles
 c - 82 poisoned darts (quivered)
 d - 56 tomahawks
Armour
 b - a +0 animal skin
 j - a +0 ring mail (worn)
Scrolls
 f - a scroll of fear
 g - a scroll of teleportation
 h - 4 scrolls of enchant armour
Potions
 e - a potion of heal wounds
 i - a potion of berserk rage


   Skills:
 * Level 4.0 Fighting
 + Level 3.4 Blades
 + Level 2.0 Armour
 + Level 2.1 Dodging
 + Level 0.4 Stealth


You had 5 spell levels left.
You didn't know any spells.

Dungeon Overview and Level Annotations

Branches:
Dungeon (2/15)

Altars:
Cheibriados
Elyvilon
Kikubaaqudgha
Nemelex Xobeh
Ru
Vehumet

Annotations:
D:2 Samantha


Innate Abilities, Weirdness & Mutations

You have very sharp fingernails.


Message History

The hobgoblin hits you but does no damage.
The hobgoblin barely misses you.
You closely miss the goblin.
The hobgoblin no longer looks unusually strong.
Samantha roars a battlecry!
The hobgoblin goes into a battle-frenzy!
The hobgoblin completely misses you. The hobgoblin closely misses you.
The goblin hits you but does no damage.
You hit the goblin (4).
You kill the goblin!
Trog accepts your kill. The hobgoblin closely misses you. x2
Samantha hits you from afar with a +0 spear (5).
* * * LOW HITPOINT WARNING * * *
Items here: $ ) ? [ a +0 dagger; a +0 leather armour; a scroll of enchant weapon; 2 gold pieces Unknown command.
You miss the goblin. The hobgoblin closely misses you. x2
Samantha hits you from afar with a +0 spear (5).
You die...

################
#......#g..#..≈≈##
#......g@..'..≈≈≈#
#.....g#g..#..≈≈≈##
#''##..#########≈≈#
#...#..........#≈≈##
#...#..........'...####
#gg.#..........'......###
#...#.......)..'.....)...
#gg.#..........#≈≈.....).
#g.g#..#########≈≈######.


You could see Samantha, 2 hobgoblins and a goblin.

Vanquished Creatures
  An ooze (D:1)
  3 quokkas
  7 bats
  A giant cockroach (D:2)
  17 goblins
  11 hobgoblins
  9 jackals
  7 kobolds
  A ball python (D:2)
  2 frilled lizards (D:2)
  9 rats
68 creatures vanquished.

Vanquished Creatures (others)
  A frilled lizard (D:2)
1 creature vanquished.

Grand Total: 69 creatures vanquished

Notes
Turn   | Place    | Note
-------+----------+-------------------------------------------
     0 | D:1      | aciddrop the Demonspawn Berserker began the quest for the Orb.
     0 | D:1      | Reached XP level 1. HP: 18/18 MP: 2/2
   172 | D:1      | Gained mutation: You have sharp fingernails. [demonic ancestry]
   172 | D:1      | Reached XP level 2. HP: 8/24 MP: 3/3
   621 | D:1      | Reached ** piety under Trog
   621 | D:1      | Reached XP level 3. HP: 29/30 MP: 4/4
  1179 | D:2      | Reached skill level 4 in Fighting
  1410 | D:2      | Found a sacrificial altar of Ru.
  1448 | D:2      | Found a faded altar of an unknown god.
  1548 | D:2      | Found a white marble altar of Elyvilon.
  1594 | D:2      | Found a sparkling altar of Nemelex Xobeh.
  1630 | D:2      | Found a radiant altar of Vehumet.
  1918 | D:2      | Gained mutation: You have very sharp fingernails. [demonic ancestry]
  1918 | D:2      | Reached XP level 4. HP: 37/37 MP: 6/6
  1984 | D:2      | Found a snail-covered altar of Cheibriados.
  2109 | D:2      | Found an ancient bone altar of Kikubaaqudgha.
  2330 | D:2      | Noticed Samantha
  2341 | D:2      | Reached *** piety under Trog
  2347 | D:2      | Slain by Samantha

Skill      XL: |  1  2  3 |
---------------+----------+-----
Blades         | 3 |  3.4
Armour         | 2 |  2.0
Fighting       | 4 |  4.0
Dodging        | 2 |  2.1
Stealth        | |  0.4

Action                   |  1- 3 |  4- 6 || total
-------------------------+-------+-------++-------
Melee: Rapier            |   147 |    44 ||   191
Invok: Berserk           |     1 |     1 ||     2
 Stab: Sleeping          |     1 |       ||     1
Armor: Animal skin       |    37 |       ||    37
       Ring mail         |    15 |    27 ||    42
Dodge: Dodged            |   160 |    46 ||   206
